 Dungeon Crawl Stone Soup version 0.23-a0-622-g59b4ea9 (console) character file.

4 bli the Chiller (level 1, -1/14 HPs)
             Began as a Barachi Ice Elementalist on Dec 23, 2018.
             Slain by a hobgoblin (5 damage)
             ... on level 1 of the Dungeon.
             The game lasted 00:01:01 (158 turns).

bli the Chiller (Barachi Ice Elementalist)           Turns: 158, Time: 00:01:02

Health: -1/14      AC:  2    Str:  9    XL:     1   Next: 70%
Magic:  0/3        EV: 12    Int: 15    God:
Gold:   22         SH:  0    Dex: 12    Spells: 3/4 levels left

rFire    . . .     SeeInvis .   f - -2 dagger (curse)
rCold    . . .     Gourm    .   (no shield)
rNeg     . . .     Faith    .   a - +0 robe
rPois    .         Spirit   .   (no helmet)
rElec    .         Reflect  .   (no cloak)
rCorr    .         Harm     .   (no gloves)
MR       .....                  (no boots)
Stlth    ++........             (no amulet)
HPRegen  0.04/turn              (no ring)
MPRegen  0.08/turn              (no ring)

@: very slightly contaminated, slow
A: +LOS, swims, slowness 1, strong legs 1
a: Hop


You were on level 1 of the Dungeon.
You were not hungry.

You visited 1 branch of the dungeon, and saw 1 of its levels.

You collected 22 gold pieces.

Inventory:

Hand Weapons
 f - a cursed -2 dagger (weapon)
Missiles
 b - 19 stones (quivered)
Armour
 a - a +0 robe (worn)
Scrolls
 e - a scroll of amnesia {unknown}
 g - a scroll of identify {unknown}
Comestibles
 c - a ration
 d - a chunk of flesh


   Skills:
 * Level 0.4 Fighting
 + Level 2.2 Dodging
 - Level 1.7 Stealth
 * Level 2.3 Spellcasting
   Level 1.1 Conjurations
 - Level 3.7 Ice Magic


You had 3 spell levels left.
You knew the following spells:

 Your Spells              Type           Power        Failure   Level  Hunger
a - Freeze                Ice            ##..         4%          1    #......

Your spell library contained the following spells:

 Spells                   Type           Power        Failure   Level  Hunger
 Throw Frost              Conj/Ice       #.....       12%         2    ###....
 Ozocubu's Armour         Chrm/Ice       #.......     30%         3    ###....
 Throw Icicle             Conj/Ice       #.......     61%         4    #####..
 Summon Ice Beast         Ice/Summ       #.......     69%         4    #####..


Dungeon Overview and Level Annotations

Branches:
Dungeon (1/15)

Altars:


Innate Abilities, Weirdness & Mutations

Shadows flee at your approach. (+LOS)
You can swim through water.
You cover ground slowly.
You can hop short distances.


Message History

Aim: a goblin, wielding a +0 dagger You freeze the goblin.
The goblin is severely wounded.
The goblin misses you. The hobgoblin barely misses you.
You closely miss the hobgoblin. The hobgoblin hits you.
* * * LOW HITPOINT WARNING * * *
Casting: Freeze (safe; 4% risk of failure)
Confirm with . or Enter, or press ? or * to list all spells.
You don't have enough magic to cast that spell.
Unknown command.
Casting: Freeze (safe; 4% risk of failure)
Confirm with . or Enter, or press ? or * to list all spells.
Aiming: Freeze (safe; 4% risk of failure)
Press: ? - help, Shift-Dir - straight line, f - hobgoblin, p - goblin
Aim: a hobgoblin You freeze the hobgoblin.
The hobgoblin is lightly wounded.
The hobgoblin hits you.
You die...

#.. ## .## ##.. ###.
.##. # ........ ...
.# ...#..##...##.#
.## ..#.....g.#..#
.... .....!.##....##
..... .).....#.....
......##.#........##
#
.....g..............
#..#######†.........#
#....@gg............#
#..#######..........#
# #......###.#
######.#....###.##
.#......#..#.......
............#.###.##
..#.####.####.# #.# #
#.# ... .... #.#
..###.## ... ... ...
### ..# #.##


You could see a hobgoblin and a goblin.

Vanquished Creatures
  A dart slug (D:1)
  A giant cockroach (D:1)
  A rat (D:1)
3 creatures vanquished.

Notes
Turn   | Place    | Note
-------+----------+-------------------------------------------
     0 | D:1      | bli the Barachi Ice Elementalist began the quest for the
                  | Orb.
     0 | D:1      | Reached XP level 1. HP: 13/13 MP: 3/3
   158 | D:1      | Slain by a hobgoblin

Vault maps used:
D:1:      lemuel_arrival_rhombus, serial_bayou, serial_bayou_ford_a,
          serial_bayou_pond_c, serial_bayou_crossing, serial_bayou_pond_c,
          minmay_tromino_v4_c

Action                   || total
-------------------------++-------
Melee: Unarmed           ||    14
       Dagger            ||     3
 Cast: Freeze            ||     7
Armor: Robe              ||     3
Dodge: Dodged            ||    11

Table legend:
 A = Non-vault XP
 B = Vault XP
 C = Vault XP percentage of total XP
 D = Non-vault monster count
 E = Vault monster count
 F = Vault count percentage of total count
                 A         B        C        D         E       F
            +---------+---------+-------+---------+---------+-------
      Total |       6 |       1 |  14.3 |       2 |       1 |  33.3
            +---------+---------+-------+---------+---------+-------
        D:1 |       6 |       1 |  14.3 |       2 |       1 |  33.3
            +---------+---------+-------+---------+---------+-------
